 Dungeon Crawl Stone Soup version 0.27-a0-920-gb2bd10914a (webtiles) character file.

Game seed: 16638562731841954433

39 jestyr24 the Conjurer (level 3, -6/21 HPs)
             Began as an Octopode Conjurer on Apr 10, 2021.
             Mangled by Sigmund
             ... wielding a +4 vorpal scythe
              (15 damage)
             ... on level 2 of the Dungeon.
             The game lasted 00:06:06 (1669 turns).

jestyr24 the Conjurer (Octopode Conjurer)           Turns: 1669, Time: 00:06:07

Health: -6/21      AC:  1    Str:  6    XL:     3   Next: 47%
Magic:  6/6        EV: 13    Int: 21    God:
Gold:   69         SH:  0    Dex: 10    Spells: 5/6 levels left

rFire    . . .     SeeInvis .   a - +0 dagger
rCold    . . .     Faith    .   (no shield)
rNeg     . . .     Spirit   .   (helmet restricted)
rPois    .         Reflect  .   (no amulet)
rElec    .         Harm     .   (no ring)
rCorr    .         Rampage  .   (no ring)
Will     .....                  (no ring)
Stlth    +++.......             (no ring)
HPRegen  0.07/turn              (no ring)
MPRegen  0.10/turn              (no ring)
                                (no ring)
                                (no ring)

@: no status effects
A: almost no armour, amphibious, 8 rings, camouflage 1, gelatinous body 1,
(nimble swimmer 1), tentacles
a: no special abilities


You were on level 2 of the Dungeon.
You visited 1 branch of the dungeon, and saw 2 of its levels.

You collected 69 gold pieces.

Inventory:

Hand Weapons
 a - a +0 dagger (weapon)
Missiles
 d - 2 javelins
Scrolls
 e - a scroll of noise {unknown}
 f - a scroll of teleportation {unknown}
Potions
 c - a potion of heal wounds {unknown}
 g - 2 potions of degeneration {unknown}


   Skills:
 + Level 2.0 Dodging
 + Level 2.8 Stealth
 + Level 2.4 Spellcasting
 + Level 4.8 Conjurations


You had 5 spell levels left.
You knew the following spells:

 Your Spells              Type           Power      Damage    Failure   Level
a - Magic Dart            Conj           88%        1d7       1%          1

Your spell library contained the following spells:

 Spells                   Type           Power      Damage    Failure   Level
 Searing Ray              Conj           44%        3d4       3%          2
 Dazzling Flash           Conj/Hex       24%        N/A       16%         3
 Fulminant Prism          Conj/Hex       6%         3d7       45%         4
 Iskenderun's Mystic Bla  Conj/Tloc      12%        2d5       45%         4


Dungeon Overview and Level Annotations

Branches:
Dungeon (2/15)

Altars:

Shops:
D:1 *([   D:2 ?(

Annotations:
D:2 Sigmund


Innate Abilities, Weirdness & Mutations

You cannot wear most types of armour.
You are amphibious.
You can wear up to eight rings at the same time.
Your skin changes colour to match your surroundings (Stealth+).
Your rubbery body absorbs attacks. (AC +1, EV +1)
((You are camouflaged near water. (Stealth+)))
You have tentacles for arms and can constrict up to eight enemies at once.


Message History

The bat is severely wounded.
The magic dart hits the bat.
You kill the bat!
A bat comes into view.
The magic dart hits the bat but does no damage.
The magic dart hits the bat.
The bat is moderately wounded.
The magic dart hits the bat.
You kill the bat!
You start resting.
Magic restored.
A frilled lizard comes into view.
The magic dart hits the frilled lizard.
You kill the frilled lizard!
Sigmund the Dreaded comes into view.
He is wielding a +4 vorpal scythe.
The magic dart hits Sigmund.
Sigmund is lightly wounded.
Sigmund shouts!
Sigmund giggles. "Time to reap what you sow."
Sigmund points at you and mumbles some strange words.
You are confused.
You bump into the rock wall.
You bump into the rock wall.
Sigmund points at himself and mumbles some strange words.
Sigmund flickers and vanishes!
Deactivating autopickup; reactivate with Ctrl-A.
You are more confused.
You're too confused to move!
You bump into the rock wall.
You're too confused to move!
You bump into the rock wall.
You feel less confused. Something hits you!
Ouch! That really hurt!
Unknown command.
As you read the scroll labelled KEXIAX CETO, it crumbles to dust.
The creatures around you are filled with an inner flame!
It was a scroll of immolation.
Something hits you!
Ouch! That really hurt!
You die...

###.##...###.#.........#.#
#....##### #.#>...........
####.# #.# .........<.
#.#### #.# .......####
#....# #.# .. ####.#
#.############# #.#
#.##..........#
#.####.##..........#
#..@.#.##...........
#.##.#..............
#.##.####...........
#.##.# #########... #.##.#
#... #.##.# #... #.##.#
#... ####.# #... #.# ###
#...


There were no monsters in sight!

Vanquished Creatures
  A worm (D:2)
  2 dart slugs (D:1)
  5 endoplasms (D:1)
  2 giant cockroaches (D:1)
  2 goblins (D:1)
  3 jackals (D:1)
  3 ball pythons
  7 bats
  2 frilled lizards
  2 kobolds
  3 rats (D:1)
32 creatures vanquished.

Notes
Turn   | Place    | Note
-------+----------+-------------------------------------------
     0 | D:1      | jestyr24 the Octopode Conjurer began the quest for the Orb.
     0 | D:1      | Reached XP level 1. HP: 11/11 MP: 3/3
   159 | D:1      | Reached XP level 2. HP: 17/17 MP: 0/5
   356 | D:1      | Found Horphoico's Assorted Antiques.
   434 | D:1      | Found Kukanuih's Weapon Boutique.
   501 | D:1      | Found Giwergh's Antique Armour Shop.
   774 | D:1      | Reached XP level 3. HP: 18/21 MP: 1/6
   963 | D:1      | Found a faded altar of an unknown god.
  1374 | D:2      | Found Tylote's Weapon Shop.
  1378 | D:2      | Found Lulismo's Magic Scroll Emporium.
  1646 | D:2      | Noticed Sigmund
  1669 | D:2      | Mangled by Sigmund

Illustrated notes

Levels and vault maps discovered:
D:1:      ebering_trefoil_3fold, layout_basic, serial_shops, nicolae_shop_stone,
          shop, shop, ebering_ecumenical_altar_abandoned,
          chequers_serial_rivers_large_a
D:2:      layout_basic, serial_shops, shop, shop,
          nicolae_shop_temple_entry_statues_fountains, shop, shop,
          dk_vineyard_3, minivault_25, uniq_sigmund

Action                   || total
-------------------------++-------
Melee: Constrict         ||     4
       Unarmed           ||     1
       Dagger            ||    12
       Tentacles         ||     1
 Cast: Magic Dart        ||    66
  Use: Scroll            ||     1
Armor: Skin              ||     1
Dodge: Dodged            ||     9

Table legend: (Time is in decaauts)
 A = Elapsed time spent in this place.
 B = Non-inter-level travel time spent in this place.
 C = Inter-level travel time spent in this place.
 D = Time resting spent in this place.
 E = Time spent auto-exploring this place.
 F = Levels seen in this place.
 G = Mean time per level.
                   A        B        C        D        E       F      G
               +--------+--------+--------+--------+--------+-----+--------+
         Total |   1668 |   1627 |     41 |    269 |   1135 |   2 |  834.0 |
       Dungeon |   1668 |   1627 |     41 |    269 |   1135 |   2 |  834.0 |
               +--------+--------+--------+--------+--------+-----+--------+

Top non-repeatable levels by time:
     D:1: 1191 daAuts
     D:2: 476 daAuts
